 Dungeon Crawl Stone Soup version 0.29.1-13-g9f3cf754e1 (webtiles) character file.

Game seed: 9673604338343855329

63 Peloso the Covered (level 3, 0/33 HPs)
             Began as a Minotaur Fighter on Feb 5, 2023.
             Slain by a gnoll
             ... wielding a +0 flail
              (1 damage)
             ... on level 2 of the Dungeon.
             The game lasted 00:03:53 (1288 turns).

Peloso the Covered (Minotaur Fighter)               Turns: 1288, Time: 00:03:53

Health: 0/33       AC:  9    Str: 20    XL:     3   Next: 87%
Magic:  2/2        EV:  7    Int:  5    God:
Gold:   55         SH:  0    Dex: 11    Spells: 2/2 levels left

rFire   . . .      SeeInvis .   a - +0 long sword
rCold   . . .      Faith    .   c - orb {light}
rNeg    . . .      Spirit   .   b - +0 chain mail
rPois   .          Reflect  .   (helmet restricted)
rElec   .          Harm     .   (no cloak)
rCorr   .          Rampage  .   (no gloves)
Will    .....                   (no boots)
Stlth   ..........              (no amulet)
HPRegen 0.11/turn               (no ring)
MPRegen 0.08/turn               (no ring)

@: lethally poisoned (0 -> -4), glowing
A: horns 2, retaliatory headbutt
a: no special abilities


You were on level 2 of the Dungeon.
You visited 1 branch of the dungeon, and saw 2 of its levels.

You collected 55 gold pieces.

Inventory:

Hand Weapons
 a - a +0 long sword (weapon)
Armour
 b - a +0 chain mail (worn)
 c - an orb of light (worn)
 d - a +0 buckler
Scrolls
 e - 3 scrolls of identify {unknown}
 g - a scroll of immolation {unknown}
 h - 2 scrolls of teleportation {unknown}
Potions
 f - a potion of might
 i - a potion of flight {unknown}
 j - a potion of heal wounds {unknown}


   Skills:
 + Level 4.2 Fighting
 + Level 3.2 Long Blades
 + Level 4.3 Armour
 + Level 0.2 Dodging
 + Level 4.2 Shields


You had 2 spell levels left.
You didn't know any spells.
Your spell library contained the following spells:

 Spells                   Type           Power      Damage    Failure   Level
 Inner Flame              Hex/Fire       0%         N/A       100%        3
 Cause Fear               Hex            0%         N/A       100%        4
 Olgreb's Toxic Radiance  Pois           0%         N/A       100%        4
 Ozocubu's Refrigeration  Ice            0%         4d7       100%        7
 Discord                  Hex            0%         N/A       100%        8
 Ignition                 Fire           0%         3d3       100%        8


Dungeon Overview and Level Annotations

Branches:
Dungeon (2/15)

Altars:


Innate Abilities, Weirdness & Mutations

You have a pair of horns on your head.
You reflexively headbutt those who attack you in melee.


Message History

You hit the gnoll. Your headbutt misses the gnoll.
The gnoll is heavily wounded.
The gnoll barely misses you.
You hit the gnoll but do no damage.
The gnoll is heavily wounded.
The gnoll hits you with a +0 halberd. The gnoll hits you with a +0 club.
You hit the gnoll. You headbutt the gnoll.
You kill the gnoll!
The gnoll hits you but does no damage. The gnoll hits you with a +0 club.
The gnoll closely misses you.
You see here a +0 halberd.
You slash the gnoll! You headbutt the gnoll.
The gnoll is almost dead.
An adder comes into view.
The gnoll hits you but does no damage. The gnoll hits you with a +0 flail.
The adder hisses angrily.
You hit the gnoll but do no damage. You headbutt the gnoll.
You kill the gnoll!
The gnoll hits you but does no damage.
You barely miss the gnoll. The gnoll hits you with a +0 flail. x2
You hit the gnoll.
The gnoll is heavily wounded.
The gnoll hits you with a +0 flail.
You hit the gnoll but do no damage.
You headbutt the gnoll, but do no damage.
The gnoll is heavily wounded.
The gnoll hits you with a +0 flail. The adder bites you.
You hit the gnoll.
The gnoll is severely wounded.
The gnoll hits you with a +0 flail. The adder bites you.
* * * LOW HITPOINT WARNING * * *
You are poisoned.
The adder poisons you!
Unknown command.
You hit the gnoll.
The gnoll is almost dead.
You feel sick. The adder barely misses you. The gnoll hits you with a +0 flail.
* * * LOW HITPOINT WARNING * * *
The adder bites you but does no damage. The gnoll hits you with a +0 flail.
You die...

.............).......<.#
.# ###.##########.#######
# #.#######..........#
#######.#................#
.........................#
#>..##.##................#
# #..#.##.......<........#
## #.....................#
.# ###.##......)@........#
.####..##......Sg........#
.##.......##.##.........
....#.######.#..P..P....
..#.#.# #.#.PP....P..
......# #.#.P.......#
.#.##..# #............#
.#......##...#.P.......#
......#..#.#.#..........


You could see a gnoll and an adder.

Vanquished Creatures
  3 gnolls (D:2)
  2 dart slugs (D:1)
  A ball python (D:2)
  4 endoplasms
  2 giant cockroaches (D:1)
  3 goblins
  A hobgoblin (D:1)
  2 jackals (D:1)
  3 kobolds
  2 quokkas
  A bat (D:2)
  A frilled lizard (D:2)
  2 rats
27 creatures vanquished.

Vanquished Creatures (others)
  2 fungi (D:1)
  14 plants (D:2)
16 creatures vanquished.

Grand Total: 43 creatures vanquished

Notes
Turn   | Place    | Note
-------+----------+-------------------------------------------
     0 | D:1      | Peloso the Minotaur Fighter began the quest for the Orb.
     0 | D:1      | Reached XP level 1. HP: 19/19 MP: 0/0
   176 | D:1      | Reached XP level 2. HP: 26/27 MP: 1/1
   222 | D:1      | You fall into a shaft and drop 1 floor!
   334 | D:1      | Reached XP level 3. HP: 33/33 MP: 2/2
   865 | D:1      | Found a faded altar of an unknown god.
  1288 | D:2      | HP: 1/33 [gnoll/+0 flail (6)]
  1288 | D:2      | Slain by a gnoll

Illustrated notes

Levels and vault maps discovered:
D:1:      minmay_arrival_up_and_down, layout_basic,
          dreamdust_ecumenical_altar_hidden_monk_grotto
D:2:      layout_rooms, nicolae_grassy_gnolls

Skill      XL: |  1  2  3 |
---------------+----------+-----
Fighting       | 4 |  4.2
Armour         | 4 |  4.3
Shields        | 4 |  4.2
Long Blades    | 3 |  3.2
Dodging        | |  0.2

Action                   || total
-------------------------++-------
Melee: Long sword        ||    57
       Headbutt          ||    16
Armor: Scale mail        ||    13
       Chain mail        ||    19
Dodge: Dodged            ||    20
Block: Buckler           ||     2
